AoeStats
← iAlejandrouae

Arena

507215263Analyzed
4v4 RM · 15d ago on Sep 17, 2026· 41m 31s· 8 players
Game mode
Random Map
Map size
Large (8 player)
Population
200
Speed
Normal
Resources
Standard
Victory
Conquest
Starting age
Dark Age
Ending age
Imperial Age
RankedLock teamsTeams togetherTeam positionsShared explorationLock speedFull tech treeHidden civsTurbo modeCheats
Victory
Defeat
🇲🇽 Magyars · Mexico
1718
+8
🇨🇳 Vikings · China
1684
+9
🇨🇳 Mongols · China
1662
+10
🇲🇽 Bohemians · Mexico
1575
+14
🇦🇷 Persians · Argentina
1563
-11
🇨🇳 Teutons · China
1517
-10
🇨🇳 Bulgarians · China
1511
-10
🇺🇸 Burgundians · United States
1509
-10
iAlejandrouae
8:21 Feudal Age
7:05 Loom
10:03 Fletching
21:15 Castle Age
19:43 Double-Bit Axe
19:39 Horse Collar
21:39 Bodkin Arrow
22:35 Guard Tower
24:22 Wheelbarrow
25:16 Ballistics
27:02 Bow Saw
31:17 Hand Cart
31:51 Town Watch
32:06 Murder Holes
32:25 Heavy Plow
38:05 Imperial Age
35:41 Scale Barding Armor
35:47 Forging
36:27 Chain Barding Armor
37:34 Iron Casting
37:15 Bloodlines
37:37 Husbandry
37:43 Cavalier
38:59 Plate Barding Armor
Long-Long-Way
11:38 Feudal Age
15:38 Castle Age
13:56 Double-Bit Axe
14:06 Horse Collar
16:02 Scale Barding Armor
20:41 Forging
22:56 Loom
27:06 Bow Saw
28:57 Heavy Plow
30:38 Wheelbarrow
33:48 Imperial Age
31:30 Town Watch
32:02 Hand Cart
32:00 Gold Mining
32:01 Stone Mining
32:00 Pikeman
32:41 Squires
32:27 Gambesons
32:45 Scale Mail Armor
33:21 Iron Casting
34:34 Chain Mail Armor
33:53 Halberdier
35:17 Conscription
34:33 Capped Ram
35:49 Siege Ram
37:03 Coinage
37:34 Blast Furnace
37:05 Plate Mail Armor
37:37 Masonry
37:20 Fletching
37:40 Bagains
38:52 Arson
39:53 Chain Barding Armor
39:11 Heavy Scorpion
Morningstar
8:04 Wheelbarrow
8:20 Horse Collar
8:28 Double-Bit Axe
11:49 Feudal Age
14:40 Gold Mining
17:17 Castle Age
15:53 Bow Saw
16:18 Heavy Plow
18:43 Gold Shaft Mining
19:13 Two-Man Saw
18:45 Crop Rotation
22:14 Fervor
22:43 Hand Cart
23:25 Sanctity
23:32 Stone Mining
25:31 Loom
25:33 Town Watch
26:02 Fortified Wall
26:54 Town Watch
26:53 Treadmill Crane
31:11 Imperial Age
29:27 Ballistics
29:21 Padded Archer Armor
30:09 Leather Archer Armor
30:35 Stone Shaft Mining
31:14 Fletching
32:58 Chemistry
31:55 Bodkin Arrow
33:21 Masonry
33:37 Conscription
33:25 Burgundian Vineyards
36:42 Hoardings
38:20 Architecture
Yuzu
7:21 Loom
13:42 Feudal Age
14:14 Double-Bit Axe
14:34 Horse Collar
17:22 Castle Age
16:06 Forging
16:41 Bloodlines
16:29 Gold Mining
18:57 Iron Casting
18:45 Bow Saw
23:11 Wheelbarrow
23:58 Scale Barding Armor
27:01 Chain Barding Armor
33:46 Imperial Age
31:58 Scale Mail Armor
YYQ
10:00 Feudal Age
14:08 Castle Age
12:58 Double-Bit Axe
12:53 Horse Collar
15:14 Bow Saw
21:52 Wheelbarrow
21:46 Heavy Plow
23:15 Stone Mining
24:06 Fletching
27:53 Imperial Age
25:32 Gold Mining
25:52 Loom
25:53 Town Watch
27:29 Bodkin Arrow
28:22 Ballistics
28:27 Hand Cart
28:55 Conscription
29:55 Bloodlines
30:15 Padded Archer Armor
30:22 Thumb Ring
30:50 Bracer
31:53 Gold Shaft Mining
32:33 Parthian Tactics
31:50 Elite Mangudai
33:22 Siege Engineers
34:20 Chemistry
34:08 Siege Engineers
35:15 Coinage
35:21 Parthian Tactics
35:42 Leather Archer Armor
36:07 Scale Barding Armor
36:13 Forging
36:09 Husbandry
35:49 Light Cavalry
36:37 Capped Ram
37:40 Chain Barding Armor
38:03 Drill
38:30 Banking
37:49 Siege Ram
41:41 Iron Casting
40:28 Hussar
day in, day out
10:12 Feudal Age
15:36 Castle Age
14:26 Double-Bit Axe
16:43 Bow Saw
21:07 Town Watch
23:57 Pikeman
24:37 Squires
24:38 Scale Mail Armor
29:36 Imperial Age
26:54 Loom
27:08 Man-at-Arms
28:02 Gambesons
28:29 Forging
28:24 Long Swordsman
28:50 Arson
29:21 Chain Mail Armor
29:42 Two-Handed Swordsman
29:44 Capped Ram
30:57 Plate Mail Armor
32:31 Iron Casting
31:55 Champion
34:59 Blast Furnace
35:07 Conscription
35:01 Siege Ram
35:51 Fletching
36:39 Bow Saw
36:10 Horse Collar
36:21 Gold Mining
36:21 Stone Mining
41:23 Heavy Plow
42:00 Gold Shaft Mining
42:25 Two-Man Saw
Ux'Toallin
9:07 Loom
11:20 Feudal Age
17:44 Castle Age
35:51 Double-Bit Axe
38:46 Bow Saw
40:01 Wheelbarrow
39:09 Horse Collar
42:14 Hand Cart
UXKEKO
12:09 Feudal Age
16:09 Castle Age
14:28 Horse Collar
14:54 Double-Bit Axe
17:05 Bow Saw
26:03 Wheelbarrow
26:11 Husbandry
26:48 Bloodlines
28:54 Scale Barding Armor
30:19 Hand Cart
34:17 Imperial Age
31:54 Loom
32:11 Fletching
32:26 Gold Mining
32:58 Heavy Plow
33:17 Town Watch
33:30 Bodkin Arrow
34:58 Gold Shaft Mining
35:06 Bracer
36:08 Chemistry
35:28 Ballistics
34:46 Heavy Cavalry Archer
34:58 Light Cavalry
36:11 Thumb Ring
36:08 Padded Archer Armor
37:31 Parthian Tactics
37:23 Leather Archer Armor
37:58 Recurve Bow
39:06 Chain Barding Armor
38:57 Stone Mining
39:50 Conscription
42:29 Ring Archer Armor
Connection lost

Rejoining the realm…

Still unreachable

The connection could not be restored.

Session expired

The server has moved on; the page needs a fresh start.